Map: Orbital Shipyard

Players

Bop

  • Race: Zerg Zerg

SuarezBitMe - Winner!

  • Race: Protoss Protoss

VOD

Have the link to the VOD?

Description

Time

  • Played on: May 6, 2015, 5:21 a.m.
  • Length: 14:02
Show
View Real Time Build Order
Export as new Build Order

Bop Zerg 

Build Orders: Hatch First, Lurkers 

Get SALT Encoding   

  12  0:01  Drone  
  13  0:12  Overlord  
  13  0:21  Drone  
  14  0:30  Drone x2  
  14  0:34  Drone  
  17  0:53  Hatchery  
  17  0:56  Drone  
  17  0:59  Drone  
  17  1:02  Extractor  
  17  1:14  Spawning Pool  
  17  1:17  Drone  
  17  1:26  Drone  
  17  1:29  Drone  
  19  1:40  Overlord  
  19  2:01  Queen  
  19  2:02  Zergling x4  
  19  2:05  Metabolic Boost, Queen  
  25  2:09  Drone  
  25  2:12  Drone  
  27  2:16  Drone  
  28  2:27  Drone x2  
  30  2:32  Baneling Nest  
  30  2:33  Drone  
  30  2:45  Drone x2  
  30  2:46  Queen  
  34  2:56  Zergling x4  
  35  3:00  Lair  
  35  3:05  Overlord  
  34  3:08  Overlord  
  34  3:11  Zergling x2  
  34  3:12  Zergling x2  
  37  3:28  Drone  
  37  3:29  Drone x6  
  44  3:35  Overlord  
  44  3:38  Overlord  
  42  3:51  Queen  
  42  3:57  Zergling x16  
  42  4:00  Hydralisk Den  
  49  4:06  Zergling x2  
  50  4:10  Zergling x2  
  51  4:18  Burrow  
  51  4:19  Extractor x2  
  51  4:20  Overlord  
  51  4:21  Drone  
  49  4:27  Drone x2  
  49  4:28  Drone x4  
  51  4:34  Lurker Den  
  51  4:36  Drone x3, Queen  
  55  4:41  Overlord  
  55  4:51  Zergling x4  
  56  4:58  Zergling x2  
  56  4:59  Zergling x12  
  63  5:02  Overlord  
  63  5:13  Hydralisk x3  
  63  5:14  Hydralisk  
  64  5:19  Extractor  
  69  5:28  Hydralisk x2  
  67  5:32  Overlord  
  67  5:35  Drone x3  
  71  5:45  Hydralisk x3  
  75  5:50  Spore Crawler  
  75  5:51  Spore Crawler  
  75  5:52  Overseer  
  73  5:59  Zergling x6  
  74  6:18  Zergling x10  
  73  6:23  Lurker  
  74  6:35  Drone x6  
  74  6:37  Lurker  
  81  6:45  Overseer  
  81  6:50  Lurker  
  82  6:55  Overlord  
  82  6:57  Overlord  
  82  7:02  Zergling x4  
  84  7:16  Infestation Pit  
  84  7:21  Zergling x6  
  84  7:22  Zergling x6  
  89  7:25  Evolution Chamber  
  89  7:26  Lurker x2  
  89  7:27  Lurker  
  91  7:30  Hatchery, Overlord  
  91  7:34  Zergling x6  
  91  7:35  Zergling x2  
  90  7:48  Hydralisk x5  
  94  7:56  Overlord  
  93  8:12  Hydralisk x5  
  94  8:14  Hatchery  
  94  8:15  Overlord  
  96  8:25  Zerg Melee Weapons Level 1  
  90  8:30  Zergling x4  
  82  8:38  Drone x2  
  78  8:43  Lurker x2  
  80  8:48  Extractor  
  80  8:50  Zergling x4  
  80  8:52  Lurker  
  80  8:53  Extractor  
  81  9:03  Zergling x2  
  81  9:04  Zergling x10  
  81  9:08  Hive  
  81  9:09  Zergling x8  
  91  9:14  Overseer  
  91  9:17  Drone x2  
  91  9:21  Lurker  
  94  9:34  Zergling x10  
  99  9:41  Lurker x2  
  99  9:43  Overlord  
  101  9:46  Drone x2  
  95  10:25  Drone x3  
  95  10:27  Ultralisk Cavern  
  97  10:30  Adrenal Glands  
  97  10:31  Zerg Melee Weapons Level 2  
  97  10:33  Zergling x18  
  97  10:34  Zergling x2  
  107  10:35  Overseer  
  102  10:56  Zergling x14  
  108  11:06  Overlord  
  106  11:15  Chitinous Plating  
  104  11:28  Ultralisk  
  109  11:49  Zergling x18  
  90  12:17  Lurker  
  90  12:18  Lurker x3  
  92  12:26  Ultralisk  
  92  12:27  Overseer  
  94  12:51  Overlord  
  94  12:54  Overseer  
  94  12:56  Spine Crawler  
  93  13:00  Zergling x2  
  93  13:01  Zergling x4  
  92  13:25  Zergling x20  
  73  13:38  Zergling x6  
Show
View Real Time Build Order
Export as new Build Order

SuarezBitMe Protoss - Winner!

Build Orders:  

Get SALT Encoding   

  12  0:01  Probe  
  13  0:15  Pylon  
  13  0:18  Probe  
  14  0:33  Probe (Chrono Boost)  
  14  0:34  Gateway  
  15  0:42  Probe (Chrono Boost)  
  16  0:48  Assimilator  
  16  0:50  Probe  
  17  1:02  Probe (Chrono Boost)  
  18  1:09  Assimilator  
  19  1:12  Pylon  
  19  1:13  Probe (Chrono Boost)  
  19  1:19  Probe  
  19  1:22  Cybernetics Core  
  20  1:31  Probe (Chrono Boost)  
  21  1:43  Probe (Chrono Boost)  
  22  1:52  Probe (Chrono Boost)  
  23  2:00  Nexus  
  23  2:03  Warp Gate (Chrono Boost)  
  23  2:11  Mothership Core  
  25  2:16  Stalker  
  27  2:33  Probe  
  27  2:34  Gateway  
  28  2:42  Gateway  
  28  2:45  Probe  
  29  2:52  Gateway  
  29  2:57  Probe  
  30  3:11  Stalker  
  30  3:12  Twilight Council  
  32  3:18  Probe x2  
  34  3:31  Probe x2  
  36  3:35  Pylon  
  34  3:53  Probe x2  
  34  3:55  Adept x3  
  42  4:05  Probe  
  43  4:13  Dark Shrine  
  43  4:20  Adept  
  39  4:35  Pylon  
  39  4:37  Adept x2  
  41  4:41  Adept  
  43  4:46  Probe x2  
  45  4:54  Adept  
  47  5:03  Adept x3  
  53  5:11  Pylon  
  51  5:32  Dark Templar x2  
  51  5:34  Adept x2  
  59  5:36  Probe x2  
  59  5:55  Assimilator  
  59  5:57  Assimilator  
  59  5:58  Probe  
  59  6:04  Probe  
  61  6:10  Probe  
  58  6:11  Forge  
  54  6:21  Stalker x2  
  54  6:22  Sentry  
  54  6:23  Probe x2 (Chrono Boost)  
  62  6:30  Robotics Facility  
  62  6:35  Probe x2 (Chrono Boost)  
  64  6:43  Dark Templar, Probe (Chrono Boost)  
  64  6:45  Probe (Chrono Boost)  
  68  6:59  Pylon, Photon Cannon  
  68  7:02  Pylon  
  68  7:05  Photon Cannon  
  68  7:06  Pylon  
  68  7:12  Protoss Ground Weapons Level 1 (Chrono Boost)  
  68  7:13  Pylon  
  68  7:24  Stalker x2, Probe  
  68  7:25  Stalker  
  68  7:26  Probe  
  68  7:27  Blink (Chrono Boost)  
  76  7:31  Observer (Chrono Boost)  
  76  7:36  Probe  
  70  7:56  Robotics Bay  
  70  7:57  Observer (Chrono Boost)  
  70  8:00  Stalker, Zealot  
  70  8:01  Zealot  
  78  8:14  Warp Prism (Chrono Boost)  
  78  8:17  Nexus  
  76  8:25  Stalker x4  
  68  8:35  Probe x2  
  68  8:37  Pylon  
  68  8:44  Disruptor (Chrono Boost)  
  68  8:47  Probe  
  68  8:48  Probe  
  74  8:52  Assimilator  
  74  8:58  Assimilator  
  74  8:59  Probe  
  74  9:00  Probe  
  76  9:05  Protoss Ground Weapons Level 2 (Chrono Boost)  
  76  9:06  Photon Cannon  
  76  9:08  Gateway  
  76  9:09  Gateway  
  76  9:11  Gateway  
  76  9:12  Stalker  
  76  9:15  Stalker  
  80  9:19  Pylon  
  80  9:21  Stalker  
  82  9:27  Stalker  
  84  9:32  Disruptor  
  84  9:33  Probe  
  84  9:34  Photon Cannon  
  84  9:37  Stalker  
  87  9:39  Stalker  
  87  9:43  Observer Gravitic Boosters  
  89  9:46  Probe  
  90  9:53  Stalker  
  88  10:10  Disruptor  
  88  10:12  Stalker  
  88  10:13  Stalker x3  
  96  10:21  Probe x2  
  98  10:22  Stalker  
  104  10:31  Disruptor (Chrono Boost)  
  104  10:33  Stalker  
  106  10:40  Forge  
  106  10:46  Pylon  
  106  10:53  Stalker  
  106  10:54  Stalker x4  
  112  10:58  Stalker  
  112  11:02  Pylon  
  115  11:20  Disruptor (Chrono Boost)  
  115  11:21  Nexus  
  115  11:24  Photon Cannon  
  115  11:26  Photon Cannon  
  115  11:28  Dark Templar x2, Photon Cannon, Protoss Ground Weapons Level 3 (Chrono Boost)  
  119  11:38  Zealot  
  121  11:48  Robotics Facility  
  121  11:49  Observer (Chrono Boost)  
  120  12:05  Zealot  
  120  12:06  Zealot x3  
  120  12:07  Dark Templar  
  126  12:19  Immortal (Chrono Boost)  
  126  12:21  Stalker  
  130  12:29  Probe  
  124  12:30  Probe  
  124  12:35  Assimilator  
  123  12:38  Assimilator  
  123  12:40  Immortal (Chrono Boost)  
  127  12:46  Probe x2, Disruptor x2  
  129  12:51  Probe  
  129  12:53  Dark Templar x3, Pylon  
  129  12:56  Dark Templar  
  129  12:58  Probe, Pylon  
  138  12:59  Archon  
  138  13:00  Archon  
  138  13:09  Pylon  
  142  13:13  Immortal (Chrono Boost)  
  142  13:15  Pylon  
  142  13:19  Immortal (Chrono Boost)  
  142  13:29  Pylon  
  108  13:41  Stalker x3  
  88  13:43  Stalker  
  88  13:48  Stalker  
Tags
 
Add a new tag
Caveats
  • Supply blocks, unpowered buildings, or Contaminate may cause inaccurate times.
  • Supply counts are checked every 10 seconds.